[Event "Late-Titled-Tuesday-Blitz-May-07-2024"]
[Site "Chess.com"]
[Date "2024.05.07"]
[Round "3"]
[White "divudis17"]
[Black "Mariia89"]
[Result "1-0"]
[WhiteElo "2446"]
[BlackElo "2224"]
[TimeControl "180+1"]
[EndTime "14:29:07 PDT"]
[Termination "divudis17 won on time"]

1. d4 Nf6 2. Nf3 c5 3. d5 d6 4. Nc3 b5 5. Nxb5 g6 6. Nc3 Bg7 7. e4 O-O 8. Be2 Ba6 9. O-O Nfd7 10. Nb5 Bxb5 11. Bxb5 Qb6 12. Bxd7 Nxd7 13. c3 a5 14. Qc2 a4 15. Bf4 Qa5 16. Rab1 Rfb8 17. Nd2 Qa6 18. Rfe1 a3 19. b3 Nb6 20. Be3 h5 21. h3 Qc8 22. c4 Nd7 23. f4 Qa6 24.
Nf3 Qa5 25. Bd2 Qc7 26. Bc3 Bh6 27. e5 Bxf4 28. e6 Nf6 29. exf7+ Kxf7 30. Qe2 Qd7 31. Rf1 Kg8 32. Nd2 Bxd2 33. Qxd2 Rf8 34. Qd3 Kh7 35.
Rbe1 Rf7 36. Re6 Raf8 37. Rf3 Qd8 38. Qc2 Rg8 39. Qf2 Rgf8 40. Qc2 Rg8 41. g4 hxg4 42. hxg4 Nxg4 43. Rxf7+ Kh6 44. Qd2+ Kh5 45. Qg2 Rh8 46. Qh3+ Kg5 47. Bd2+ 1-0

[Event "Late-Titled-Tuesday-Blitz-May-07-2024"]
[Site "Chess.com"]
[Date "2024.05.07"]
[Round "3"]
[White "GMthekingindian"]
[Black "robertoalejandro10"]
[Result "0-1"]
[WhiteElo "2258"]
[BlackElo "2518"]
[TimeControl "180+1"]
[EndTime "14:29:08 PDT"]
[Termination "robertoalejandro10 won by resignation"]

1. d4 Nf6 2. Nf3 c5 3. d5 d6 4. c4 g6 5. Nc3 Bg7 6. e4 O-O 7. Be2 Na6 8. O-O Nc7 9. Nd2 a6 10.
a4 Rb8 11. a5 b6 12. axb6 Rxb6 13. f4 Bd7 14. e5 Nfe8 15. Nf3 Qb8 16. h3 e6 17. Kh1 Qb7 18. dxe6 Nxe6 19. Nd5 Rb3 20. Nd2 Nd4 21. Nxb3 Nxb3 22. Bf3 Qb8 23. Ra3 Nd4 24. Be3 dxe5 25. fxe5 Bxe5 26. Rxa6 Qxb2 27. Qd2 Qb3 28.
Bf4 Bxf4 29. Qxf4 Qxc4 30. Raa1 Be6 31. Nf6+ Nxf6 32. Qxf6 Qd3 33. Rac1 Nxf3 34. Qxf3 c4 35. Rfd1 Qxf3 36. gxf3 Rb8 37. Rc3 Rb3 38. Rdc1 Rb2 39. R1c2 Rxc2 40. Rxc2 Kg7 41. Kh2 Kf6 42. f4 Kf5 43.
Kg3 Ke4 44. Re2+ Kd3 45. Rf2 c3 46. h4 c2 47. Rf1 Kd2 48. Rf2+ Kd1 49. Rf1+ Kd2 50.
Rf2+ Kc3 51. Rf1 Kb2 52. Rf2 Kb1 53. Rf1+ c1=Q 54. Rxc1+ Kxc1 55. h5 gxh5 56. Kh4 Bg4 57. Kg5 Kd2 58. f5 Ke3 59. f6 Ke4 60. Kh4 Kf5 61.
Kg3 Kg5 0-1

[Event "Late-Titled-Tuesday-Blitz-May-07-2024"]
[Site "Chess.com"]
[Date "2024.05.07"]
[Round "3"]
[White "gxbg2000"]
[Black "jaramsdal"]
[Result "0-1"]
[WhiteElo "2026"]
[BlackElo "2386"]
[TimeControl "180+1"]
[EndTime "14:29:08 PDT"]
[Termination "jaramsdal won by resignation"]

1. e4 e5 2. Nf3 Nc6 3. Bc4 Nf6 4.
O-O Bc5 5. c3 a6 6. Re1 Ba7 7.
d3 d6 8. Be3 Bxe3 9. Rxe3 O-O 10. h3 Ne7 11. Nbd2 Ng6 12. Nf1 Be6 13. Bb3 Qd7 14.
N3d2 Nf4 15. Rg3 N6h5 16. Rg5 g6 17. Ng3 Nxg3 18. Rxg3 h5 19. Nf1 h4 20. Re3 Qe7 21.
Nh2 Qg5 22. Ng4 Bxg4 23. Qxg4 Qxg4 24. hxg4 Kg7 25. Kh2 Kf6 26. Rd1 Kg5 27. d4 Rad8 28.
f3 f6 29. d5 f5 30. exf5 gxf5 31. gxf5 Rxf5 32. Bc2 Rf6 33. Be4 Rg8 34. Rd2 Rf7 35.
c4 Rfg7 36. Re1 Kf6 37. Rg1 b6 38. b3 a5 39. a4 Rg3 40. Rb2 h3 41. b4 axb4 42.
Rxb4 Rxg2+ 43. Rxg2 Rxg2+ 44. Kh1 Ra2 45. Bb1 Ra1 46. Kh2 Kg5 47. Be4 Kh4 48. a5 Ra2+ 49. Kh1 Kg3 50. axb6 cxb6 51. Rb1 Rh2+ 52. Kg1 Rg2+ 53.
Kf1 h2 0-1

[Event "Late-Titled-Tuesday-Blitz-May-07-2024"]
[Site "Chess.com"]
[Date "2024.05.07"]
[Round "3"]
[White "SoCalJuniorChess"]
[Black "SharathRk6"]
[Result "0-1"]
[WhiteElo "2186"]
[BlackElo "2474"]
[TimeControl "180+1"]
[EndTime "14:29:09 PDT"]
[Termination "SharathRk6 won by resignation"]

1. d4 Nf6 2. Nc3 d5 3. Bf4 Bf5 4. e3 e6 5. Nf3 Bd6 6. Ne5 O-O 7. Bd3 Nbd7 8. Bxf5 exf5 9. O-O Re8 10. Nxd7 Qxd7 11. Bxd6 Qxd6 12. Nb1 c6 13. Nd2 b5 14. Nf3 Nd7 15. Qd3 g6 16. b3 Nb6 17. Ne5 f6 18.
Nf3 a5 19. a4 b4 20. Qd2 g5 21. Ne1 Re7 22. Nd3 h5 23. Qe2 h4 24. Qf3 Qe6 25.
Nc5 Qc8 26. c3 bxc3 27. Rfc1 Raa7 28. Rxc3 Rg7 29. Rac1 Rae7 30. b4 axb4 31. Rb3 Nc4 32.
Rxb4 f4 33. e4 Nd2 34. Qc3 Nxe4 35. Nxe4 Rxe4 36. f3 Re3 37. Qc5 h3 38. Qxd5+ cxd5 39. Rxc8+ Kh7 40. gxh3 Rxf3 41. Kg2 Rd3 42. Rd8 Rd2+ 43.
Kf3 Rxh2 44. Kg4 Rg2+ 45. Kh5 Rg3 46. h4 Rh3 47. Kg4 Rxh4+ 48. Kf5 f3 49. Rbb8 Rf4+ 50. Ke6 Kg6 51. Rb1 f2 52. Rxd5 f1=Q 53. Rxf1 Rxf1 54. Kd6 Ra7 55. a5 g4 56. Kc6 Rc1+ 57. Kb6 Rcc7 58. Rb5 Rcb7+ 59. Kc6 Rxb5 60. Kxb5 g3 61. Kb6 Ra8 62. a6 g2 63. Kb7 Rxa6 64. Kxa6 g1=Q 0-1

[Event "Late-Titled-Tuesday-Blitz-May-07-2024"]
[Site "Chess.com"]
[Date "2024.05.07"]
[Round "3"]
[White "alexrustemov"]
[Black "Adar_07"]
[Result "1/2-1/2"]
[WhiteElo "2933"]
[BlackElo "2737"]
[TimeControl "180+1"]
[EndTime "14:29:10 PDT"]
[Termination "Game drawn by repetition"]

1. d4 Nf6 2. c4 e6 3. Nf3 d5 4. cxd5 exd5 5. Nc3 c6 6. Bf4 Qb6 7. Qc2 Na6 8. e3 Nb4 9. Qd1 Bf5 10. Rc1 Ne4 11.
a3 Na6 12. Qe2 Nxc3 13. Rxc3 Nc7 14. Qd2 Ne6 15. Bg3 a5 16. Be2 a4 17. O-O Be7 18. Ne5 h5 19. h3 h4 20. Bh2 f6 21. Bd3 Bxd3 22. Nxd3 Ng5 23. Rc2 Rh6 24. Qe2 Qb5 25.
Bf4 Rg6 26. Kh1 Ne4 27. Rd1 Kf7 28. Qh5 Qb3 29. Rcc1 Ra5 30. Bh2 Qxd3 31. Rxd3 Nxf2+ 32. Kg1 Nxd3 33. Rd1 Nxb2 34. Rb1 Rb5 35. Bf4 Bxa3 36. Kh2 Be7 37. Ra1 a3 38. Qxh4 Nd3 39. Qh5 Rb2 40. Kh1 b5 41. g4 b4 42. Qf5 Nf2+ 43. Kg1 Nxh3+ 44. Kf1 b3 45. Rc1 a2 46. g5 Nxf4 47.
exf4 Rc2 48. Ra1 b2 49. Re1 b1=Q 50. Qe6+ Kf8 51. Qc8+ Kf7 52. Qe6+ Kf8 53. Qc8+ Kf7 54. Qe6+ 1/2-1/2

[Event "Late-Titled-Tuesday-Blitz-May-07-2024"]
[Site "Chess.com"]
[Date "2024.05.07"]
[Round "3"]
[White "DominguezOnYoutube"]
[Black "DeTimmerman"]
[Result "1-0"]
[WhiteElo "2999"]
[BlackElo "2755"]
[TimeControl "180+1"]
[EndTime "14:29:11 PDT"]
[Termination "DominguezOnYoutube won by resignation"]

1. e4 e5 2. Nf3 Nc6 3. Bb5 f5 4.
d3 fxe4 5. dxe4 Nf6 6. O-O d6 7. Bc4 Na5 8. Be2 Be7 9. Nc3 O-O 10. Nd5 Nc6 11. Bc4 Kh8 12. Qd3 Nxd5 13. exd5 Bf5 14. Qe2 Nb8 15. Bd3 Bxd3 16. Qxd3 Nd7 17. Be3 Qe8 18. Nd2 Nf6 19. f3 b6 20. c4 a5 21. b3 Nd7 22. Ne4 Qg6 23. Rad1 h6 24. g3 Kg8 25. Kg2 Rf7 26. a3 Raf8 27. b4 axb4 28.
axb4 Qh5 29. Qe2 Bg5 30. Bg1 Be7 31. Ra1 Nf6 32. Qd3 Qg6 33. Nxf6+ Qxf6 34. Qe4 Qg5 35. Be3 Qh5 36. Qg4 Qxg4 37. fxg4 Bg5 38. Rxf7 Rxf7 39. Bf2 Bd2 40. b5 Bb4 41. Rf1 Rf8 42. Ra1 Rf7 43.
h4 g6 44. Rf1 Rf8 45. Be3 Rxf1 46. Kxf1 Kg7 47. Ke2 h5 48. Kf3 Kf6 49. gxh5 gxh5 50. g4 Kg6 51. Bg5 e4+ 52. Kxe4 hxg4 53. Bd8 Be1 54.
Kf4 Kh5 55. Bxc7 Bxh4 56. Bxb6 Be7 57. Bg1 Kh4 58. b6 Kh3 59. b7 1-0

[Event "Late-Titled-Tuesday-Blitz-May-07-2024"]
[Site "Chess.com"]
[Date "2024.05.07"]
[Round "3"]
[White "ChessLover0108"]
[Black "Abund"]
[Result "1/2-1/2"]
[WhiteElo "2968"]
[BlackElo "2755"]
[TimeControl "180+1"]
[EndTime "14:29:13 PDT"]
[Termination "Game drawn - insufficient material"]

1. Nf3 d5 2. d4 Nf6 3. c4 e6 4. g3 dxc4 5. Bg2 c5 6. O-O Nc6 7. Na3 cxd4 8. Nxc4 Bc5 9. a3 a5 10. Bg5 O-O 11. Rc1 h6 12. Bxf6 Qxf6 13. Qb3 Qe7 14. Qb5 Rd8 15. Nfe5 Nxe5 16. Nxe5 Bd6 17.
Nc4 Bc7 18. Rfd1 e5 19. e3 Bg4 20. Rd2 Rac8 21. exd4 exd4 22. Qxb7 Qg5 23. h4 Qf6 24. Re1 Bxg3 25. fxg3 Rxc4 26. Bd5 Rc5 27. Rf2 Bf5 28. Be4 Qe6 29. Rfe2 Bxe4 30. Rxe4 Qg6 31. Re8+ Rxe8 32. Rxe8+ Kh7 33. Qb8 Rc1+ 34. Kf2 Qc2+ 35. Re2 Qf5+ 36. Qf4 Qxf4+ 37. gxf4 a4 38. Rd2 Rc4 39. Ke2 Kg6 40. Kd3 Rc7 41. Kxd4 Rd7+ 42. Ke3 Rxd2 43. Kxd2 Kf5 44.
b3 axb3 45. a4 Ke4 46. Kc3 Kd5 47. Kxb3 g6 48. Kc3 f6 49. Kd3 g5 50. fxg5 fxg5 51. hxg5 hxg5 52. Ke3 Kc4 53. Kf3 Kb4 54. Kg4 Kxa4 55.
Kxg5 1/2-1/2

[Event "Late-Titled-Tuesday-Blitz-May-07-2024"]
[Site "Chess.com"]
[Date "2024.05.07"]
[Round "3"]
[White "duone"]
[Black "lilylg"]
[Result "0-1"]
[WhiteElo "2431"]
[BlackElo "2251"]
[TimeControl "180+1"]
[EndTime "14:29:16 PDT"]
[Termination "lilylg won by checkmate"]

1. e4 c6 2. d3 d5 3. Nf3 g6 4.
Nbd2 Bg7 5. g3 e6 6. Bg2 Ne7 7. O-O O-O 8. c3 Nd7 9. Qc2 f5 10. Rd1 Qc7 11. Nf1 e5 12. Ne3 Nf6 13. c4 dxe4 14. dxe4 fxe4 15. Nd2 Nf5 16. Nxe4 Nd4 17. Qc3 Nxe4 18. Bxe4 Qf7 19. Qe1 Bf5 20. Bg2 Rad8 21.
Bd2 Bh3 22. Bh1 Bh6 23. f4 exf4 24. Nf1 Rfe8 25. Be4 Nf3+ 26. Bxf3 Rxe1 27. Bxe1 Rxd1 28. Rxd1 Bxf1 29. Rd8+ Bf8 30. Bb4 Bxc4 31. b3 Bd5 32.
Bg4 fxg3 33. hxg3 Kg7 34. Bxf8+ Qxf8 35. Rxf8 Kxf8 36. Kf2 Ke7 37. Ke3 Kd6 38. Bc8 b6 39.
Kd4 c5+ 40. Ke3 Ke5 41. Bg4 h5 42. Be2 Bf7 43. Bd3 g5 44. Be2 h4 45. Kf3 Bh5+ 46.
g4 Bf7 47. Kg2 Bd5+ 48. Kh3 Kf4 49. Bb5 Be6 50. Be2 a6 51. Bd1 c4 52. bxc4 Bxc4 53.
a3 Bf1+ 54. Kh2 Bc4 55. Kh3 b5 56. Kh2 a5 57. Kh3 b4 58. axb4 axb4 59. Bc2 b3 60.
Bb1 Be6 61. Kh2 Bxg4 62. Kg1 Bd1 63. Kh1 Bc2 64. Ba2 bxa2 65. Kg1 a1=Q+ 66. Kg2 Be4+ 67. Kf2 Qb2+ 68. Ke1 h3 69. Kd1 h2 70. Ke1 h1=Q# 0-1

[Event "Late-Titled-Tuesday-Blitz-May-07-2024"]
[Site "Chess.com"]
[Date "2024.05.07"]
[Round "3"]
[White "zverr1"]
[Black "Maitreia"]
[Result "1/2-1/2"]
[WhiteElo "2507"]
[BlackElo "2700"]
[TimeControl "180+1"]
[EndTime "14:29:18 PDT"]
[Termination "Game drawn by repetition"]

1. e4 c5 2. Nf3 g6 3. d4 cxd4 4. Nxd4 Bg7 5. c4 Nc6 6. Be3 Qb6 7. Nb5 Qa5+ 8. N1c3 Nf6 9. Qd2 a6 10. Nd4 Nxd4 11.
Qxd4 O-O 12. Qd2 d6 13. f3 Be6 14. Be2 Rfc8 15. Nd5 Qxd2+ 16. Kxd2 Bxd5 17. cxd5 Nd7 18. Rab1 Rc7 19. Rhc1 Rac8 20. Rxc7 Rxc7 21. b3 Bc3+ 22. Kd1 Bb4 23. Rc1 Rxc1+ 24. Kxc1 Bc5 25. Bf4 Bd4 26. h3 Kg7 27. Kc2 f5 28. Bg5 Bf6 29. Be3 fxe4 30. fxe4 Be5 31. b4 Kf6 32. b5 axb5 33.
Bxb5 Nc5 34. Bd3 e6 35. Bxc5 dxc5 36. dxe6 Kxe6 37. a4 Bc7 38. Kd2 Ke5 39. Ke3 Bb6 40.
Bc4 Ba5 41. Bg8 h6 42. h4 Bc3 43. Bf7 Bd4+ 44. Kd3 g5 45. hxg5 hxg5 46. g4 Bf2 47. Bd5 b6 48. Bc6 Kd6 49. Bd5 Ke5 50. Bc6 Kf4 51. Bd7 Bd4 52. Bf5 Ke5 53. Kc4 Kd6 54. Kb5 Kc7 55. Kc4 Kc6 56. Bg6 Be3 57. Be8+ Kd6 58.
Bg6 Ke5 59. Bf5 Kd6 60. Kb5 Bd4 61. Kc4 Kc6 62. Bg6 Bb2 63. Be8+ Kd6 64. Bg6 Bc1 65. Bf5 Bd2 66. Bg6 Ke5 67. Bf5 Kf4 68. Kb5 Ba5 69. Kc4 Ke5 70. Bh7 Ke6 71. Bf5+ Kf6 72. Bc8 Ke5 73. Bf5 Kf4 74. Kb5 Ke5 75. Kc4 Kf6 76. Bc8 Ke7 77. Bf5 Kd8 78. Bg6 Kc7 79. Bf5 Kd6 80.
Bh7 Ke5 81. Bf5 1/2-1/2

[Event "Late-Titled-Tuesday-Blitz-May-07-2024"]
[Site "Chess.com"]
[Date "2024.05.07"]
[Round "3"]
[White "DonMicheleCorleone"]
[Black "Fins0905"]
[Result "0-1"]
[WhiteElo "2504"]
[BlackElo "2738"]
[TimeControl "180+1"]
[EndTime "14:29:20 PDT"]
[Termination "Fins0905 won by resignation"]

1. e4 d5 2. exd5 Qxd5 3. Nc3 Qa5 4. d4 Nf6 5. Bc4 Bg4 6. f3 Bd7 7. Ne2 e6 8. O-O Be7 9. Bd2 Qb6 10. Kh1 O-O 11. a4 a5 12. Be3 Nc6 13. Qd2 Nb4 14. Ne4 Nbd5 15. Bg1 Qb4 16. Qd3 Rfd8 17. c3 Qb6 18.
Qc2 Be8 19. Bd3 g6 20. Qc1 Rac8 21. Bb1 Qa6 22. Re1 Nxe4 23. fxe4 Nf6 24. Qe3 c5 25. Qf3 cxd4 26. Bxd4 Nd7 27. Bd3 Qc6 28. Bb5 Qc7 29.
Rf1 e5 30. Be3 f6 31. Qf2 Kg7 32. Ng3 Nc5 33. Bxe8 Rxe8 34. h4 h5 35. Qf3 Qd7 36. Rfd1 Qg4 37. Qxg4 hxg4 38. h5 gxh5 39. Nxh5+ Kf7 40.
Ng3 Ke6 41. Kg1 Red8 42. Kf1 Rxd1+ 43. Rxd1 Nxa4 44. Nf5 Nxb2 45. Rb1 Nc4 46. Rxb7 Nxe3+ 47. Nxe3 Rxc3 48. Rxe7+ Kxe7 49. Nd5+ Kd6 50. Nxc3 Kc5 51. Ke2 Kd4 52. Nd5 f5 53. Ne7 Kxe4 54. Nc6 a4 55.
Nb4 a3 56. Na2 Kd4 57. Kd2 f4 58. Ke2 e4 59. Nb4 f3+ 60. gxf3 exf3+ 61. Kf2 Kc3 62.
Na2+ Kb2 63. Nb4 Kb3 64. Nd3 a2 65. Nc1+ Kb2 66. Nxa2 Kxa2 0-1

[Event "Late-Titled-Tuesday-Blitz-May-07-2024"]
[Site "Chess.com"]
[Date "2024.05.07"]
[Round "3"]
[White "klifus"]
[Black "azikom"]
[Result "0-1"]
[WhiteElo "2178"]
[BlackElo "2753"]
[TimeControl "180+1"]
[EndTime "14:29:21 PDT"]
[Termination "azikom won on time"]

1. Nf3 c5 2. g3 g6 3. Bg2 Bg7 4. O-O Nc6 5. c4 d6 6. Nc3 Bxc3 7. dxc3 Qd7 8. e4 Nf6 9. Re1 Ng4 10. h3 Nge5 11.
Nxe5 Nxe5 12. Qe2 b6 13. f4 Nc6 14. e5 dxe5 15. fxe5 Bb7 16. e6 Qxe6 17. Qxe6 fxe6 18.
Bg5 h6 19. Rxe6 Kd7 20. Bxc6+ Kxe6 21. Bxb7 hxg5 22. Bxa8 Rxa8 23. Re1+ Kf6 24. Rd1 Rc8 25. Rd7 a5 26. Kg2 Rc6 27. Kf3 Ke6 28. Rd5 Kf6 29. Rd8 Re6 30. Rf8+ Kg7 31. Rb8 Rd6 32. Rb7 Kf6 33. Ke4 e6 34. g4 Rc6 35. Rb8 Rd6 36. a3 Rc6 37. b3 Rd6 38. b4 axb4 39.
axb4 cxb4 40. cxb4 Rc6 41. Kd3 Rd6+ 42. Kc3 e5 43. c5 bxc5 44. bxc5 Rd1 45. Rb6+ Kf7 46. Kc4 e4 47. Rb3 Ke6 48. Re3 Ke5 49. Kb5 Rb1+ 50. Kc6 Kd4 51. Re2 e3 52. Ra2 Rc1 53. Ra4+ Kd3 0-1

[Event "Late-Titled-Tuesday-Blitz-May-07-2024"]
[Site "Chess.com"]
[Date "2024.05.07"]
[Round "3"]
[White "Polish_fighter3000"]
[Black "XDPS"]
[Result "0-1"]
[WhiteElo "3114"]
[BlackElo "2844"]
[TimeControl "180+1"]
[EndTime "14:29:23 PDT"]
[Termination "XDPS won on time"]

1. e4 c5 2. Nf3 e6 3. d4 cxd4 4. Nxd4 a6 5. c4 Qc7 6. Nc3 Nf6 7. a3 b6 8. Be3 Bb7 9. f3 d6 10. Rc1 Nbd7 11. Kd2 h5 12. Kc2 Rc8 13. Kb1 Be7 14. Be2 Qb8 15. g3 Ne5 16. h3 Nfd7 17. Qf1 Nc5 18. f4 Ned7 19. Bf3 Nf6 20. Nd5 exd5 21.
exd5 b5 22. cxb5 O-O 23. Nc6 Bxc6 24. bxc6 Nfe4 25. Qc4 Bf6 26. Rc2 Nxg3 27. Rg1 Nf5 28.
Bf2 Rfe8 29. Ka2 Ne3 30. Bxe3 Rxe3 31. Bxh5 Re4 32. Qf1 Qb3+ 33. Kb1 Nd3 34. Qg2 Re1+ 35. Rxe1 Nxe1 36. Qe4 Nxc2 37. Qxc2 Qxh3 38. Be2 Qh1+ 39. Qd1 Qe4+ 40. Qd3 Qxf4 41. Qxa6 Rb8 42. b4 Qe4+ 43. Qd3 Qe5 44. Kc2 Qb2+ 45. Kd1 Qa1+ 46. Kc2 Qa2+ 47.
Kd1 Re8 48. b5 Qa1+ 49. Kc2 Qb2+ 50. Kd1 Bc3 51. Qc2 Qxa3 52. c7 Qa1+ 53. Qc1 Qa4+ 54. Qc2 Qxc2+ 55. Kxc2 Ba5 56. Bg4 Bxc7 57. Kd3 Bb6 58.
Bd7 Re5 59. Kd2 f5 60. Be6+ Kf8 61. Kd3 Ke7 62. Kd2 Kf6 63. Kd3 g5 64. Kd2 g4 65.
Kd3 f4 66. Kd2 g3 0-1

[Event "Late-Titled-Tuesday-Blitz-May-07-2024"]
[Site "Chess.com"]
[Date "2024.05.07"]
[Round "3"]
[White "yaguigor"]
[Black "KaydenTroffChess"]
[Result "0-1"]
[WhiteElo "2592"]
[BlackElo "2864"]
[TimeControl "180+1"]
[EndTime "14:29:24 PDT"]
[Termination "KaydenTroffChess won on time"]

1. e4 c5 2. Nf3 g6 3. d4 cxd4 4.
Nxd4 Bg7 5. c4 Qb6 6. Nb5 Nf6 7. N1c3 O-O 8. Be3 Qa5 9. f3 Nc6 10. a3 a6 11. Nd4 d6 12. Qd2 Nxd4 13. Bxd4 Be6 14. b4 Qc7 15. Rc1 Rfc8 16. Nd5 Bxd5 17. exd5 a5 18. Be2 axb4 19. axb4 Nd7 20. Be3 Ra3 21.
O-O Rca8 22. Rc2 Nb6 23. Bd4 Bxd4+ 24. Qxd4 R8a4 25. Rb1 Nd7 26. f4 Qb6 27. Qxb6 Nxb6 28. Bf3 Ra1 29. Rxa1 Rxa1+ 30. Kf2 Rb1 31. c5 Nc8 32. c6 bxc6 33. Rxc6 Na7 34. Rb6 Rb2+ 35. Kg3 Kg7 36. Rb7 Nc8 37. b5 Rc2 38. h4 f5 39. h5 Kf6 40. hxg6 hxg6 41. Kh3 g5 42. fxg5+ Kxg5 43. Bd1 Rc3+ 44. Kh2 Rc5 45. Bf3 Kf6 46. Kh3 Rc4 47. Kg3 Rb4 48. Kf2 Rb2+ 49. Kg3 Rc2 50. Kh3 Kf7 51. Kg3 Ke8 52. Kf4 Kd8 53. Kxf5 Rc7 54.
Rb8 Kd7 55. Kg6 e6 56. Bg4 Ne7+ 57. Kh6 Nxd5 58. Kh7 Nf6+ 59. Kg6 Nxg4 0-1

[Event "Late-Titled-Tuesday-Blitz-May-07-2024"]
[Site "Chess.com"]
[Date "2024.05.07"]
[Round "3"]
[White "TheDiscoOne"]
[Black "gmcorrales"]
[Result "0-1"]
[WhiteElo "2520"]
[BlackElo "2880"]
[TimeControl "180+1"]
[EndTime "14:29:24 PDT"]
[Termination "gmcorrales won on time"]

1. c4 c5 2. g3 Nc6 3. Bg2 Nf6 4.
Nc3 g6 5. d3 Bg7 6. e4 d6 7. Nge2 Rb8 8. O-O O-O 9. h3 a6 10. a4 Ne8 11. Be3 Nc7 12. d4 cxd4 13. Nxd4 Ne6 14. Nde2 Nc5 15. b3 e6 16. Rb1 Nb4 17.
Qd2 Qc7 18. Rfd1 b6 19. Na2 Nxa2 20. Qxa2 Rd8 21. Rd2 Bb7 22. Qc2 Qc6 23. Nd4 Qc7 24. Rbd1 h6 25. Ne2 Kh7 26. Bd4 Bxd4 27. Rxd4 Bc6 28. Nc3 e5 29. R4d2 Ne6 30. Ne2 b5 31. axb5 axb5 32. f4 b4 33. f5 Nc5 34. g4 Ra8 35. Nc1 Rd7 36. fxg6+ fxg6 37. Rf2 Qb7 38. Re1 Ra1 39. Qb2 Qa7 40. Kh2 Ra3 41. Ref1 Ne6 42. Rf6 Qd4 43. Qe2 Nf4 44. Qf3 g5 45. h4 Kg7 46. hxg5 hxg5 47. Rf5 Kg6 48. Kg3 Rh7 49. Rh1 Rxh1 50. Bxh1 Qg1+ 51. Bg2 Qxc1 52. Rxf4 exf4+ 53. Kh2 Qe1 54. Qd3 Qg3+ 55. Qxg3 fxg3+ 56. Kxg3 Rxb3+ 0-1

[Event "Late-Titled-Tuesday-Blitz-May-07-2024"]
[Site "Chess.com"]
[Date "2024.05.07"]
[Round "3"]
[White "MaiqMaster"]
[Black "quvnoq_muxlis"]
[Result "1-0"]
[WhiteElo "2505"]
[BlackElo "2687"]
[TimeControl "180+1"]
[EndTime "14:29:30 PDT"]
[Termination "MaiqMaster won by resignation"]

1. e4 c5 2. Nc3 Nc6 3. Bb5 Nd4 4. Nf3 e6 5. O-O Qc7 6. Re1 a6 7. Bf1 b5 8. Nxd4 cxd4 9. Ne2 d3 10. cxd3 Bb7 11. b3 Nf6 12. Bb2 Be7 13. Rc1 Qb8 14. g3 O-O 15. Bg2 a5 16. Nf4 e5 17. Nh5 Ra6 18. d4 d6 19. d5 Nxh5 20. Qxh5 g6 21. Qe2 Bc8 22. d4 f6 23. Rc6 Bb7 24. Rxa6 Bxa6 25.
Rc1 Qd8 26. Rc6 Bb7 27. Rc2 Qb6 28. Bf1 b4 29. Qb5 Bd8 30. Qxb6 Bxb6 31. dxe5 fxe5 32. Kg2 g5 33. f3 g4 34. fxg4 Bc8 35. h3 Bd7 36. Bc1 a4 37. Bc4 Bc5 38. Re2 Ra8 39.
Be3 axb3 40. Bxb3 Bxe3 41. Rxe3 Ba4 42. Bxa4 Rxa4 43. Re2 Kf7 44. g5 Kg6 45. h4 Kh5 46. Kh3 Kg6 47. Kg4 Kf7 48. Kf5 Ra3 49. Kg4 Ra4 50. h5 Kg7 51. Kf5 Kf7 52. Rf2 Kg7 53. Ke6 Ra6 54. Rf7+ Kg8 55. Rd7 Rxa2 56. h6 Ra8 57.
Rxd6 Rb8 58. Rc6 b3 59. Rc1 b2 60. Rb1 Kf8 61. Kxe5 Ke7 62. Kf5 Kd6 63. g6 hxg6+ 64. Kxg6 Ke5 65. h7 Rb6+ 66. Kg7 Rb8 67. h8=Q Rxh8 68.
Kxh8 1-0

[Event "Late-Titled-Tuesday-Blitz-May-07-2024"]
[Site "Chess.com"]
[Date "2024.05.07"]
[Round "3"]
[White "EliteChess0967"]
[Black "olawsson"]
[Result "1/2-1/2"]
[WhiteElo "2398"]
[BlackElo "2137"]
[TimeControl "180+1"]
[EndTime "14:29:30 PDT"]
[Termination "Game drawn - insufficient material"]

1. e4 c5 2. g3 a6 3. Bg2 b5 4. Ne2 Bb7 5. O-O g6 6. c3 d6 7. d4 Qc7 8. Be3 Bg7 9. Nd2 e5 10. dxc5 dxc5 11. Qc2 Nf6 12. h3 O-O 13. a4 Nbd7 14.
Rfd1 c4 15. Nf1 Nc5 16. Bxc5 Qxc5 17. Ne3 Rad8 18. axb5 axb5 19. Kh2 Bh6 20. Nf1 Qxf2 21. Nd4 Qxc2 22. Nxc2 Bxe4 23. Bxe4 Nxe4 24. Rxd8 Rxd8 25. Na3 Rd5 26. Re1 f5 27. g4 Bf4+ 28. Kg2 Kf7 29. Nc2 Kf6 30. Nb4 Rd7 31. Ra1 Nd2 32. Ra5 Nxf1 33. Kxf1 Rd1+ 34. Ke2 Rd2+ 35. Kf3 Kg5 36. gxf5 gxf5 37. h4+ Kxh4 38. Ra7 Rxb2 39. Rxh7+ Kg5 40.
Rg7+ Kf6 41. Rb7 Kg5 42. Rg7+ Kf6 43. Rb7 Rb3 44. Rxb5 Rxc3+ 45. Kf2 Rb3 46. Rb6+ Kg5 47. Rb8 Bc1 48. Rg8+ Kf4 49. Nc6 Rb2+ 50. Kf1 Kf3 51. Nxe5+ Ke4 52. Nxc4 Rc2 53. Nd6+ Ke5 54. Nf7+ Kf4 55.
Nd6 Be3 56. Rf8 Rf2+ 57. Ke1 Rd2 58. Rxf5+ Kg4 59. Rf6 Ra2 60. Re6 Bg5 61. Nc4 Ra1+ 62. Ke2 Ra4 63. Kd3 Kh5 64. Re4 Ra8 65. Ne5 Rd8+ 66.
Ke2 Rd2+ 67. Ke1 Ra2 68. Nf3 Kg6 69. Re2 Rxe2+ 70. Kxe2 1/2-1/2

[Event "Late-Titled-Tuesday-Blitz-May-07-2024"]
[Site "Chess.com"]
[Date "2024.05.07"]
[Round "3"]
[White "Cipy77"]
[Black "ContrVersia"]
[Result "0-1"]
[WhiteElo "2643"]
[BlackElo "2885"]
[TimeControl "180+1"]
[EndTime "14:29:34 PDT"]
[Termination "ContrVersia won by resignation"]

1. Nf3 d5 2. g3 Nd7 3. Bg2 e5 4. d3 Ngf6 5. O-O Bc5 6. Nc3 O-O 7.
e4 dxe4 8. Nxe4 Nxe4 9. dxe4 a5 10. c3 Qe7 11. a4 Nf6 12. Qc2 b6 13. Nh4 Ba6 14. Nf5 Qe6 15. Re1 Rad8 16. Bg5 h6 17.
Bxf6 Qxf6 18. Rad1 h5 19. Bf1 Bc8 20. Bc4 Rxd1 21.
Rxd1 g6 22. Ne3 Bxe3 23. fxe3 h4 24. Rf1 Qg5 25. Qf2 Kg7 26. Kh1 hxg3 27. Qxg3 Qxg3 28. hxg3 Bd7 29. b3 f6 30. Rd1 Bg4 31. Rd2 Re8 32. Kg2 Kf8 33. Kf2 Ke7 34. Be2 Be6 35. b4 Ra8 36. Bb5 Rh8 37. bxa5 bxa5 38. Kg2 Bh3+ 39. Kf2 Rd8 40. Rxd8 Kxd8 41. Kf3 Be6 42. Ke2 Ke7 43. Kd3 Kd6 44. Be8 g5 45. Bb5 Kc5 46. Kc2 Bg4 47.
Bd3 Bd7 48. Kb3 Be6+ 49. Ka3 Bc4 50. Bc2 Be6 51. Bd3 Bg4 52. Kb3 Bd1+ 53. Ka3 Kd6 54. Bb1 c6 55. Bd3 Kc5 56. Bb1 Kc4 57. Kb2 Bxa4 58. Ba2+ Kc5 59. Kc1 Bb5 60. Kd2 Bc4 61. Bb1 a4 62. Bc2 a3 63. Kc1 Kb5 64. Kb1 Be6 65.
Ka1 Kc4 66. Bd1 Kxc3 67. Ba4 Kd2 68. Bd1 0-1

[Event "Late-Titled-Tuesday-Blitz-May-07-2024"]
[Site "Chess.com"]
[Date "2024.05.07"]
[Round "3"]
[White "ChadBiryani"]
[Black "Assumpcaos"]
[Result "0-1"]
[WhiteElo "2533"]
[BlackElo "2195"]
[TimeControl "180+1"]
[EndTime "14:29:39 PDT"]
[Termination "Assumpcaos won by resignation"]

1. c4 Nf6 2. g3 g6 3. Bg2 Bg7 4. Nc3 O-O 5. d4 d6 6. h3 c6 7. Nf3 Na6 8. O-O Nc7 9. e4 e5 10. d5 cxd5 11. cxd5 Bd7 12. Be3 Na6 13. Rc1 b6 14. Nd2 Nh5 15. Qe2 Nc5 16. b4 Nb7 17. Nb5 Qe7 18. Rc7 Bxb5 19. Rxe7 Bxe2 20. Re1 Bb5 21.
Rxb7 Rfc8 22. Nf3 h6 23. Bf1 Bxf1 24. Kxf1 Nf6 25. Nd2 Rc2 26. a4 Ra2 27. a5 bxa5 28. bxa5 Rxa5 29. Rc1 Ne8 30. Nc4 Ra4 31. f3 f5 32. Rd7 Bf8 33. Nd2 a5 34. Rc6 Ra3 35. Nc4 Ra2 36. Ba7 a4 37. Ra6 Rc8 38. Rc6 Rxc6 39.
dxc6 Rc2 40. Rd8 Rxc4 41. Rxe8 Rxc6 42. Bb8 Ra6 43. Bxd6 Rxd6 44. Ra8 Rd4 45. Ke2 fxe4 46. fxe4 Rxe4+ 47. Kf3 Rd4 48. Ra6 Bg7 49. Rxg6 a3 50.
Ra6 Rd3+ 51. Ke4 Rxg3 52. h4 Rg4+ 53. Kf5 Rxh4 54. Rxa3 Rf4+ 55. Kg6 Rg4+ 56. Kf5 Rg5+ 57. Ke4 Kh7 58. Ra7 Kg6 59. Ra6+ Kh5 60. Ra1 Kg6 61.
Ra6+ Bf6 62. Ra8 h5 63. Rg8+ Kf7 64. Ra8 h4 65. Ra3 Kg6 66. Rh3 Kh5 67. Rh1 Kg4 68. Rg1+ Kh3 69. Rh1+ Kg2 70. Rxh4 Kg3 71. Rh6 Rg4+ 72.
Ke3 Bg5+ 0-1

[Event "Late-Titled-Tuesday-Blitz-May-07-2024"]
[Site "Chess.com"]
[Date "2024.05.07"]
[Round "3"]
[White "GothamChess"]
[Black "DanielDardha2005"]
[Result "0-1"]
[WhiteElo "2699"]
[BlackElo "2891"]
[TimeControl "180+1"]
[EndTime "14:29:42 PDT"]
[Termination "DanielDardha2005 won by resignation"]

1. e4 c5 2. Nc3 Nc6 3. Bb5 Nd4 4. Nf3 a6 5. Bd3 Nc6 6. O-O e6 7. Re1 d6 8. Bf1 Nf6 9. d4 cxd4 10. Nxd4 Be7 11.
b3 O-O 12. Bb2 Qc7 13. Rc1 b5 14. a4 b4 15. Nxc6 Qxc6 16. Na2 Nxe4 17. Nxb4 Qb7 18.
Nd3 e5 19. Qf3 Nf6 20. Qxb7 Bxb7 21. Ba3 Rfe8 22. g3 Nd7 23. Bg2 Rab8 24. Bxb7 Rxb7 25. Rcd1 Rc8 26. Re2 f6 27. Kg2 Kf7 28. Nb2 Ke6 29. Red2 Nc5 30. f3 Rd7 31. Rd5 Nb7 32. Nc4 Rdd8 33. f4 g6 34. Kf3 f5 35. fxe5 Rc6 36.
exd6 Bf6 37. d7 Rc7 38. R5d2 Rdxd7 39. Rxd7 Rxd7 40. Rxd7 Kxd7 41. Ke3 Ke6 42. Nd2 Nd8 43. c4 a5 44. Kd3 Nc6 45. Nf3 g5 46. Bc1 h6 47. h4 g4 48. Nd2 Be5 49. Nf1 h5 50.
Bd2 Bd6 51. Bf4 Bc5 52. Ne3 Nb4+ 53. Kc3 Na2+ 54. Kd3 Nc1+ 55. Kd2 Nxb3+ 56. Kc3 Nd4 57. Nd5 Nc6 58. Nc7+ Kd7 59. Nd5 Bd4+ 60. Kd3 Bg7 61. Bd2 Kd6 62. Bf4+ Be5 63. Bd2 Bxg3 64. Nf6 Be5 65.
Nxh5 Nb4+ 66. Bxb4+ axb4 67. a5 b3 68. a6 b2 69. Kc2 Kc7 70. c5 f4 71. Nxf4 Bxf4 72.
Kxb2 g3 0-1